 Dungeon Crawl Stone Soup version 0.28.0-43-g3370ac3207 (webtiles) character file.

Game seed: 4924620110141391702

80 Ablot the Grasshopper (level 4, 0/38 HPs)
             Began as a Gnoll Warper on Mar 15, 2022.
             Slain by a gnoll
             ... wielding a +0 flail
              (7 damage)
             ... on level 3 of the Dungeon.
             The game lasted 00:03:56 (3066 turns).

Ablot the Grasshopper (Gnoll Warper)                Turns: 3066, Time: 00:03:57

Health: 0/38       AC:  3    Str: 18    XL:     4   Next: 39%
Magic:  20/20      EV: 13    Int: 12    God:
Gold:   81         SH:  0    Dex: 12    Spells: 10/13 levels left

rFire   . . .      SeeInvis .   r - +1 dagger (venom)
rCold   . . .      Faith    .   (no shield)
rNeg    . . .      Spirit   .   b - +0 leather armour
rPois   .          Reflect  .   (no helmet)
rElec   .          Harm     .   (no cloak)
rCorr   .          Rampage  .   (no gloves)
Will    .....                   (no boots)
Stlth   +.........              (no amulet)
HPRegen 0.12/turn               j - ring of magical power
MPRegen 0.17/turn               o - +6 ring of strength

@: no status effects
A: fangs 1, strong nose, distributed training
a: no special abilities


You were on level 3 of the Dungeon.
You visited 1 branch of the dungeon, and saw 3 of its levels.

You collected 172 gold pieces.
You spent 91 gold pieces at shops.

Inventory:

Hand Weapons
 a - a +0 spear
 r - a +1 dagger of venom (weapon)
Missiles
 d - 5 boomerangs of dispersal
 e - 111 stones
 i - 19 bolts
 l - 12 arrows
 q - 10 poisoned darts (quivered)
Armour
 b - a +0 leather armour (worn)
Jewellery
 j - a ring of magical power (left hand)
 o - a +6 ring of strength (right hand)
Scrolls
 c - a scroll of blinking
 m - a scroll of vulnerability {unknown}
 p - a scroll of noise {unknown}
 s - a scroll of identify {unknown}
Potions
 f - a potion of attraction {unknown}
 g - a potion of lignification
 h - 2 potions of curing
 k - 2 potions of might
 n - a potion of heal wounds {unknown}


   Skills:
 + Level 4.6 Fighting
 + Level 1.1 Short Blades
 + Level 1.1 Long Blades
 + Level 1.1 Axes
 + Level 1.1 Maces & Flails
 + Level 4.6 Polearms
 + Level 1.1 Staves
 + Level 1.1 Slings
 + Level 1.1 Bows
 + Level 1.1 Crossbows
 + Level 2.7 Throwing
 + Level 2.7 Armour
 + Level 4.6 Dodging
 + Level 1.1 Stealth
 + Level 1.1 Shields
 + Level 1.1 Unarmed Combat
 + Level 5.1 Spellcasting
 + Level 0.9 Conjurations
 + Level 0.9 Hexes
 + Level 0.9 Summonings
 + Level 0.9 Necromancy
 + Level 5.4 Translocations
 + Level 0.9 Transmutations
 + Level 0.9 Fire Magic
 + Level 0.9 Ice Magic
 + Level 0.9 Air Magic
 + Level 0.9 Earth Magic
 + Level 0.9 Poison Magic
 + Level 1.2 Invocations
 + Level 1.1 Evocations


You had 10 spell levels left.
You knew the following spells:

 Your Spells              Type           Power      Damage    Failure   Level
a - Blink                 Tloc           32%        N/A       3%          2
b - Sting                 Tmut/Pois      20%        1d4       16%         1

Your spell library contained the following spells:

 Spells                   Type           Power      Damage    Failure   Level
 Gell's Gravitas          Tloc           16%        N/A       8%          3
 Lesser Beckoning         Tloc           16%        N/A       8%          3
 Teleport Other           Tloc           16%        N/A       8%          3
 Ensorcelled Hibernation  Hex/Ice        10%        N/A       24%         2
 Poisonous Vapours        Pois/Air       10%        N/A       24%         2
 Spider Form              Tmut/Pois      5%         N/A       43%         3
 Manifold Assault         Tloc           16%        N/A       56%         5
 Anguish                  Hex/Necr       2%         N/A       85%         4
 Olgreb's Toxic Radiance  Pois           5%         N/A       85%         4


Dungeon Overview and Level Annotations

Branches:
Dungeon (3/15)

Altars:
Yredelemnul

Shops:
D:2 (::!:


Innate Abilities, Weirdness & Mutations

You have very sharp teeth.
Your uncanny sense of smell can sniff out nearby items.
Your experience applies equally to all skills.


Message History

The gnoll is heavily wounded.
The gnoll barely misses you.
You hit the gnoll.
You kill the gnoll!
No target in view!
No target in view! 2 gnolls come into view.
The gnoll shouts!
You hear a shout!
The gnoll moves out of view.
You see here a +0 flail.
A gnoll is nearby!
A gnoll comes into view. It is wielding a +0 flail.
An endoplasm comes into view.
The endoplasm quivers.
You see here 6 gold pieces.
The gnoll shouts!
The gnoll hits you with a +0 spear!
You hit the gnoll.
The gnoll is poisoned.
The gnoll is moderately wounded.
The gnoll closely misses you. The gnoll barely misses you.
You barely miss the gnoll.
The gnoll is moderately wounded.
The gnoll hits you with a +0 whip. The gnoll hits you with a +0 spear!
The gnoll hits you from afar with a +0 spear.
You see here 6 gold pieces.
The endoplasm freezes you.
You are frozen.
* * * LOW HITPOINT WARNING * * *
You see here a +0 flail.
You hit the endoplasm.
The endoplasm is moderately wounded.
The endoplasm barely misses you.
You hit the endoplasm.
You kill the endoplasm!
You barely miss the gnoll. The gnoll hits you but does no damage.
You closely miss the gnoll.
The gnoll hits you from afar with a +0 spear.
* * * LOW HITPOINT WARNING * * *
The gnoll hits you with a +0 flail!
You die...

#.#####......#. #.#
#.....####. #.###.##.## #.
# #.....##.# ##+ ## ∆
#.###.##.# ##.. .## #.#
#....###... ..##
#.###.#####.... ...#
#.###########.....####.....
...+
........gg@..........'.....
.<.#
#...##.#g######...####...†.
..## # .....#........#
##.... .##
...#.###_####.#.# ##..† ##
#..... #.#.# ##..
.........#.## #.#.# ##'
.#######.#. ..#.# #. .# # #
. #.# #. .# #.# ##.


You could see 3 gnolls.

Vanquished Creatures
  A gnoll (D:3)
  3 adders (D:2)
  3 orcs (D:3)
  A bat (D:1)
  6 endoplasms
  2 hobgoblins (D:1)
  8 jackals
  5 kobolds
  2 ball pythons
  A frilled lizard (D:3)
  3 goblins
  4 rats
39 creatures vanquished.

Notes
Turn   | Place    | Note
-------+----------+-------------------------------------------
     0 | D:1      | Ablot the Gnoll Warper began the quest for the Orb.
     0 | D:1      | Reached XP level 1. HP: 20/20 MP: 6/6
   152 | D:1      | Reached XP level 2. HP: 26/26 MP: 7/7
   155 | D:1      | Learned a level 2 spell: Blink
   706 | D:1      | Found a faded altar of an unknown god.
  1048 | D:2      | Found Weide's Distillery.
  1062 | D:2      | Bought a potion of curing for 39 gold pieces
  1062 | D:2      | Bought a potion of might for 52 gold pieces
  1082 | D:2      | Found Rorcheem's Book Shoppe.
  1118 | D:2      | Reached XP level 3. HP: 31/31 MP: 9/9
  1131 | D:2      | Reached skill level 5 in Spellcasting
  1250 | D:2      | Reached skill level 1 in Invocations
  1715 | D:2      | Reached skill level 1 in Short Blades
  1715 | D:2      | Reached skill level 1 in Long Blades
  1715 | D:2      | Reached skill level 1 in Axes
  1715 | D:2      | Reached skill level 1 in Maces & Flails
  1715 | D:2      | Reached skill level 1 in Staves
  1715 | D:2      | Reached skill level 1 in Slings
  1715 | D:2      | Reached skill level 1 in Bows
  1715 | D:2      | Reached skill level 1 in Crossbows
  1715 | D:2      | Reached skill level 1 in Stealth
  1715 | D:2      | Reached skill level 1 in Shields
  1715 | D:2      | Reached skill level 1 in Unarmed Combat
  1715 | D:2      | Reached skill level 1 in Evocations
  1808 | D:2      | Found Awoj's Weapon Shop.
  1858 | D:2      | Found Siked's Book Emporium.
  1957 | D:2      | Found Cut Kocez's Book Emporium.
  2131 | D:2      | Reached XP level 4. HP: 24/38 MP: 11/11
  2454 | D:3      | Learned a level 1 spell: Sting
  3006 | D:3      | Found a basalt altar of Yredelemnul.
  3066 | D:3      | Slain by a gnoll

Illustrated notes

Levels and vault maps discovered:
D:1:      dpeg_arrival_tiny_a, layout_loops_corners,
          hellmonk_ecumenical_altar_leap_of_faith
D:2:      layout_basic, serial_shops, shop, nicolae_square_shop,
          nicolae_shop_hallway_plus, shop_fountains,
          nicolae_shop_bloodbath_and_beyond
D:3:      layout_loops_corners, overflow_temple_1_default,
          uniq_crazy_yiuf_cottage

Skill      XL: |  1  2  3 |
---------------+----------+-----
Spellcasting   | 5 |  5.1
Invocations    | 1 |  1.2
Short Blades   | 1 |  1.1
Long Blades    | 1 |  1.1
Axes           | 1 |  1.1
Maces & Flails | 1 |  1.1
Staves         | 1 |  1.1
Slings         | 1 |  1.1
Bows           | 1 |  1.1
Crossbows      | 1 |  1.1
Stealth        | 1 |  1.1
Shields        | 1 |  1.1
Unarmed Combat | 1 |  1.1
Evocations     | 1 |  1.1
Fighting       | |  4.6
Polearms       | |  4.6
Throwing       | |  2.7
Armour         | |  2.7
Dodging        | |  4.6
Conjurations   | |  0.9
Hexes          | |  0.9
Summonings     | |  0.9
Necromancy     | |  0.9
Translocations | |  5.4
Transmutations | |  0.9
Fire Magic     | |  0.9
Ice Magic      | |  0.9
Air Magic      | |  0.9
Earth Magic    | |  0.9
Poison Magic   | |  0.9

Action                   |  1- 3 |  4- 6 || total
-------------------------+-------+-------++-------
Melee: Spear             |   110 |    17 ||   127
       Bite              |     5 |     2 ||     7
       Punch             |     3 |       ||     3
       Dagger            |       |    19 ||    19
  Use: Potion            |       |     2 ||     2
 Stab: Sleeping          |     2 |       ||     2
Armor: Leather armour    |    16 |     2 ||    18
       Skin              |       |     4 ||     4
Dodge: Dodged            |    49 |    12 ||    61
